 Dungeon Crawl Stone Soup version 0.23-a0-14-g8c9a20f (console) character file.

7982 Lightshade the Spear-Bearer (level 10, -13/120 HPs)
             Began as a Demigod Wanderer on Aug 3, 2018.
             Mangled by Snorg (15 damage)
             ... on level 10 of the Dungeon.
             The game lasted 00:27:27 (13491 turns).

Lightshade the Spear-Bearer (Demigod Wanderer)     Turns: 13491, Time: 00:27:27

Health: -13/120    AC: 23    Str: 24    XL:     10   Next: 74%
Magic:  16/16      EV:  7    Int: 21    God:
Gold:   36         SH:  0    Dex: 15    Spells: 9/9 levels left

rFire    + . .     SeeInvis .   y - +0 trident
rCold    + . .     Gourm    .   (no shield)
rNeg     . . .     Faith    .   t - +0 plate armour
rPois    .         Spirit   .   C - +2 helmet "Jasetzo" {Int+3}
rElec    .         Reflect  .   h - scarf {rC+ rF+}
rCorr    .         Harm     .   o - +1 pair of gloves
MR       +....                  J - +2 pair of boots {run}
Stlth    ..........             p - amulet of rage
HPRegen  0.30/turn              (no ring)
MPRegen  0.15/turn              (no ring)

@: berserking (expiring), very quick
A: high mp 1
a: Evoke Berserk Rage


You were on level 10 of the Dungeon.
You were near starving.

You visited 1 branch of the dungeon, and saw 10 of its levels.

You collected 638 gold pieces.
You spent 602 gold pieces at shops.

Inventory:

Hand Weapons
 a - a +2 spear
 y - a +0 trident (weapon)
 M - a -2 bardiche
Missiles
 g - 11 javelins (quivered)
Armour
 h - a scarf of resistance (worn)
 o - a +1 pair of gloves (worn)
 t - a +0 plate armour (worn)
 C - the +2 helmet "Jasetzo" (worn) {Int+3}
   (You found it on level 8 of the Dungeon)

   It affects your intelligence (+3).
 J - a +2 pair of boots of running (worn)
Jewellery
 p - an amulet of rage (around neck)
 v - an uncursed amulet of regeneration
Wands
 m - a wand of acid (10)
 s - a wand of paralysis (19)
 u - a wand of clouds (3)
 w - a wand of random effects (64)
Scrolls
 e - a scroll of noise {unknown}
 f - 2 scrolls of identify
 j - a scroll of enchant weapon {unknown}
 k - 3 scrolls of teleportation
 l - 2 scrolls of remove curse
 n - 3 scrolls of immolation
 K - a scroll of magic mapping
Potions
 b - 4 potions of lignification
 c - 3 potions of heal wounds
 i - 5 potions of curing
 q - 3 potions of might
 r - 4 potions of mutation
 x - a potion of magic
 z - a potion of resistance
 B - a potion of brilliance
 G - a potion of berserk rage
 H - 2 potions of agility
 I - a potion of haste
Miscellaneous
 E - a phial of floods
Comestibles
 d - 18 rations


   Skills:
 + Level 4.7 Fighting
 * Level 11.1 Polearms
 - Level 9.0 Armour
 - Level 1.0 Dodging
 - Level 1.0 Stealth
   Level 1.0 Shields
   Level 1.7 Summonings
   Level 1.0 Earth Magic
 + Level 4.7 Evocations


You had 9 spell levels left.
You didn't know any spells.
Your spell library contained the following spells:

 Spells                   Type           Power        Failure   Level  Hunger
 Apportation              Tloc           #.....       91%         1    ##.....
 Conjure Flame            Conj/Fire      #.......     99%         3    ####...
 Confuse                  Hex            #.......     99%         3    ####...
 Freezing Cloud           Conj/Ice/Air   #.........   100%        6    #######
 Mephitic Cloud           Conj/Pois/Air  #.......     99%         3    ####...
 Ring of Flames           Chrm/Fire      #.........   100%        7    #######
 Tukima's Dance           Hex            #.......     99%         3    ####...
 Ice Form                 Ice/Tmut       #.......     100%        4    #####..
 Sticks to Snakes         Tmut           #.......     97%         2    ###....
 Ensorcelled Hibernation  Hex/Ice        #.....       97%         2    ###....
 Corona                   Hex            #......      91%         1    ##.....
 Malign Gateway           Summ/Tloc      #.........   100%        7    #######
 Beastly Appendage        Tmut           #.....       91%         1    ##.....
 Dazzling Spray           Conj/Hex       #.....       99%         3    ####...
 Yara's Violent Unravell  Hex/Tmut       #.........   100%        5    ######.
 Poisonous Vapours        Pois/Air       #.....       97%         2    ###....


Dungeon Overview and Level Annotations

Branches:
Dungeon (10/15)            Temple (0/1) D:6             Orc (0/2) D:9
   Lair: D:8-11

Shops:
D:5 [   D:6 [   D:7 }   D:10 [

Annotations:
D:3 2 runed doors, Marrow's ghost, amateur BaSk
D:10 Snorg


Innate Abilities, Weirdness & Mutations

You have an increased reservoir of magic. (+10% MP)


Message History

You barely miss Snorg.
Snorg is almost dead.
Snorg bites you.
* * * LOW HITPOINT WARNING * * *
Snorg claws you.
* * * LOW HITPOINT WARNING * * *
Snorg claws you.
* * * LOW HITPOINT WARNING * * *
You closely miss Snorg.
Snorg is almost dead.
Snorg bites you.
* * * LOW HITPOINT WARNING * * *
Snorg claws you but does no damage. x2
Unknown command.
You closely miss Snorg.
Snorg is almost dead.
You closely miss Snorg.
Snorg is almost dead.
Snorg bites you!
You die...

#......# #.#
###.##.####.#
#.##†##...# ***
#.##.##.###
,,*******#.##.##.#
,,,,,,,,,..##.##.#
,,*******##*#.##.#
,,,,* #.##.# ,**,*
###.##@# ,**,*
#...##T# ,**,*
#.####.#* ,**,*
#.#**...** ,**,*
#.#*.....** ,**,*
#.#.......* ***,*
#.##.....## * *,*
#.###...## * *,*
#.# #..##


You could see Snorg (berserk).

Vanquished Creatures
  2 two-headed ogres
  Nergalle (D:10)
  Pikel (D:7)
  A troll (D:9)
  A spriggan (D:8)
  A wyvern (D:9)
  A water moccasin (D:9)
  4 slaves
  2 sky beasts
  2 ice beasts
  8 orc warriors
  2 black bears
  5 ogres
  A phantom (D:8)
  7 centaurs
  6 bullfrogs
  A water moccasin zombie (D:9)
  4 killer bees (D:10)
  5 scorpions
  6 wights
  3 howler monkeys (D:8)
  8 crimson imps
  2 jellies (D:8)
  A bullfrog zombie (D:6)
  7 hounds
  A centaur skeleton (D:9)
  5 orc priests
  7 orc wizards
  3 bullfrog skeletons
  4 iguanas
  Natasha (thrice) (D:3)
  3 worker ants
  A hound zombie (D:8)
  A hound skeleton (D:6)
  A gnoll (D:8)
  8 adders
  3 shadow imps
  4 oozes
  2 adder zombies
  5 worms
  A dart slug (D:1)
  3 leopard geckos
  51 orcs
  2 ball pythons (D:3)
  8 bats
  7 giant cockroaches
  5 goblins
  4 hobgoblins
  5 jackals
  4 kobolds (D:1)
  4 quokkas
  7 frilled lizards
  A giant cockroach zombie (D:6)
  8 rats
243 creatures vanquished.

Vanquished Creatures (others)
  A quokka (D:9)
1 creature vanquished.

Grand Total: 244 creatures vanquished

Notes
Turn   | Place    | Note
-------+----------+-------------------------------------------
     0 | D:1      | Lightshade the Demigod Wanderer began the quest for the Orb.
     0 | D:1      | Lightshade set off with: a +2 spear, 2 potions of lignification, a +0 robe, a ration
     0 | D:1      | Reached XP level 1. HP: 18/18 MP: 3/3
   167 | D:1      | Reached skill level 1 in Polearms
   167 | D:1      | Reached XP level 2. HP: 16/26 MP: 5/5
   392 | D:1      | Reached skill level 2 in Polearms
   516 | D:1      | Reached XP level 3. HP: 31/31 MP: 6/6
  2068 | D:3      | Reached XP level 4. HP: 38/38 MP: 7/7
  2115 | D:3      | Noticed Natasha
  2140 | D:3      | Killed Natasha
  2140 | D:3      | Reached skill level 3 in Polearms
  2247 | D:3      | Found a large runed door.
  2247 | D:3      | Found a large runed door.
  2247 | D:3      | Noticed Marrow's ghost (amateur BaSk)
  2661 | D:3      | Noticed Natasha
  2673 | D:3      | Killed Natasha
  2673 | D:3      | Reached XP level 5. HP: 28/45 MP: 9/9
  2916 | D:3      | Noticed Natasha
  2957 | D:3      | Killed Natasha
  3508 | D:4      | Reached skill level 4 in Polearms
  3914 | D:4      | Reached skill level 1 in Armour
  3914 | D:4      | Reached XP level 6. HP: 50/51 MP: 11/11
  4240 | D:5      | Entered Level 5 of the Dungeon
  4585 | D:5      | Reached skill level 5 in Polearms
  4735 | D:5      | Reached XP level 7. HP: 25/57 MP: 12/12
  5188 | D:5      | Found Ecsuing's Armour Shoppe.
  5191 | D:5      | Bought a +0 pair of gloves for 63 gold pieces
  5661 | D:5      | Reached skill level 6 in Polearms
  5759 | D:5      | Identified the Papyrus of Mutagenic Translocation
  5964 | D:5      | Found an ancient bone altar of Kikubaaqudgha.
  6058 | D:5      | Reached XP level 8. HP: 63/63 MP: 13/13
  6197 | D:6      | Reached skill level 5 in Armour
  6573 | D:6      | Reached skill level 7 in Polearms
  6834 | D:6      | Found Muewn's Armour Shop.
  6873 | D:6      | Found a staircase to the Ecumenical Temple.
  7038 | D:7      | Found Coexytt's Gadget Shop.
  7922 | D:7      | Reached skill level 8 in Polearms
  8266 | D:7      | Reached XP level 9. HP: 51/69 MP: 14/14
  8594 | D:7      | Noticed Pikel
  8611 | D:7      | Killed Pikel
  8977 | D:8      | Reached skill level 9 in Polearms
  9155 | D:8      | Got a faintly humming helmet
  9166 | D:8      | Identified the +2 helmet "Jasetzo" {Int+3} (You found it on level 8 of the Dungeon)
 10392 | D:8      | Noticed a two-headed ogre
 10459 | D:8      | Killed a two-headed ogre
 10459 | D:8      | Reached XP level 10. HP: 77/77 MP: 15/15
 10542 | D:8      | Reached skill level 10 in Polearms
 11174 | D:9      | Found a white marble altar of Elyvilon.
 11580 | D:9      | Noticed a two-headed ogre
 11616 | D:9      | Killed a two-headed ogre
 12412 | D:6      | Bought a +2 pair of boots of running for 539 gold pieces
 12560 | D:9      | Found a roughly hewn altar of Beogh.
 12560 | D:9      | Found a staircase to the Orcish Mines.
 12817 | D:10     | Entered Level 10 of the Dungeon
 12837 | D:10     | Found Ymojeamp's Antique Armour Shoppe.
 13107 | D:10     | Noticed Nergalle
 13128 | D:10     | Killed Nergalle
 13128 | D:10     | Reached skill level 11 in Polearms
 13468 | D:10     | Noticed Snorg
 13489 | D:10     | HP: 1/120 [Snorg (6)]
 13491 | D:10     | Mangled by Snorg

Vault maps used:
D:1:      erik_arrival_gehennom, minmay_misc_feat_encased
D:3:      ebering_ghost_disaster_area, first_ration, uniq_natasha
D:5:      old_standard_altar, serial_shops, kennysheep_mini,
          guppyfry_early_orc_mine
D:6:      minmay_temple_entry_from_below_a, serial_shops, shop
D:7:      serial_shops, shop, kennysheep_small_square, uniq_pikel
D:8:      kennysheep_windowed_halls, grunt_pizzeria, minmay_misc_feat_tiny,
          kennysheep_generic_room_14
D:9:      david_orc_5, minmay_door_square, elyvilon_altar_4
D:10:     serial_shops, kennysheep_mini_moat, uniq_snorg, uniq_nergalle

Skill      XL: |  1  2  3  4  5  6  7  8  9 10 |
---------------+-------------------------------+-----
Fighting       | 3 4 |  4.7
Polearms       | 1 2 3 4 5 6 8 9 11 | 11.1
Evocations     | 2 3 4 |  4.7
Armour         | 1 3 4 6 9 |  9.0
Dodging        | |  1.0
Stealth        | |  1.0
Shields        | |  1.0
Summonings     | |  1.7
Earth Magic    | |  1.0

Action                   |  1- 3 |  4- 6 |  7- 9 | 10-12 || total
-------------------------+-------+-------+-------+-------++-------
Melee: Spear             |   148 |   270 |   233 |       ||   651
       Trident           |       |       |   584 |   365 ||   949
 Abil: Evoke Berserk Rag |       |     1 |     6 |     3 ||    10
Evoke: Wand              |       |     1 |     2 |     1 ||     4
  Use: Scroll            |     2 |     1 |     4 |    11 ||    18
       Potion            |       |     1 |       |       ||     1
 Stab: Sleeping          |     3 |       |       |       ||     3
       Distracted        |     1 |       |       |       ||     1
       Paralysed         |       |       |     3 |       ||     3
  Eat: Chunk             |     3 |     9 |    20 |     7 ||    39
       Ration            |       |       |     2 |     1 ||     3
Armor: Robe              |    19 |       |       |       ||    19
       Scale mail        |     1 |    43 |       |       ||    44
       Skin              |       |    10 |       |       ||    10
       Plate armour      |       |    35 |   400 |   172 ||   607
Dodge: Dodged            |    49 |    61 |   185 |    75 ||   370

Table legend:
 A = Spawn XP
 B = Non-spawn XP
 C = Spawn XP percentage of total XP
 D = Spawn monster count
 E = Non-spawn monster count
 F = Spawn count percentage of total count
 G = Total turns spent on level
                    A         B        C        D         E        F      G
               +---------+---------+-------+---------+---------+-------+---------
         Total |       0 |   11404 |   0.0 |       0 |     239 |   0.0 | 13491
               +---------+---------+-------+---------+---------+-------+---------
           D:1 |       0 |      57 |   0.0 |       0 |      26 |   0.0 |   967
           D:2 |       0 |      89 |   0.0 |       0 |      15 |   0.0 |  1247
           D:3 |       0 |     172 |   0.0 |       0 |      23 |   0.0 |  1158
           D:4 |       0 |     532 |   0.0 |       0 |      11 |   0.0 |  1358
           D:5 |       0 |     895 |   0.0 |       0 |      26 |   0.0 |  1414
           D:6 |       0 |     549 |   0.0 |       0 |      14 |   0.0 |  1136
           D:7 |       0 |    1700 |   0.0 |       0 |      31 |   0.0 |  1526
           D:8 |       0 |    3132 |   0.0 |       0 |      39 |   0.0 |  2136
           D:9 |       0 |    2647 |   0.0 |       0 |      38 |   0.0 |  1875
          D:10 |       0 |    1631 |   0.0 |       0 |      16 |   0.0 |   674
               +---------+---------+-------+---------+---------+-------+---------
